 Dungeon Crawl Stone Soup version 0.17.0-22-g5edae84 (webtiles) character file.

99 ketsa the Conjurer (level 4, 0/24 HPs)
             Began as a Deep Elf Conjurer on Nov 12, 2015.
             Slain by a phantom (8 damage)
             ... on level 4 of the Dungeon.
             The game lasted 00:10:49 (2759 turns).

ketsa the Conjurer (Deep Elf Conjurer)              Turns: 2759, Time: 00:10:49

Health: 0/24       AC:  2    Str:  5    XL:     4   Next: 45%
Magic:  3/12       EV: 13    Int: 21    God:
Gold:   215        SH:  0    Dex: 15    Spells: 3 memorised, 6 levels left

rFire  + . .     SeeInvis .     m - staff of fire
rCold  . . .     Clarity  .     u - +0 robe (curse)
rNeg   . . .     SustAt   .     (no shield)
rPois  .         Gourm    .     (no helmet)
rElec  .         Spirit   .     (no cloak)
rCorr  .         Warding  .     (no gloves)
rMut   +         Stasis   .     (no boots)
MR     .....                    x - amulet of resist mutation
Stlth  ++........               (no ring)
                                (no ring)

@: very slightly contaminated, not resistant to hostile enchantments, unstealthy
A: no striking features
a: no special abilities


You were on level 4 of the Dungeon.
You were not hungry.

You visited 1 branch of the dungeon, and saw 4 of its levels.

You collected 215 gold pieces.

Inventory:

Hand Weapons
 l - a +0 dagger
Armour
 a - a +0 robe
 u - a cursed +0 robe (worn)
Magical Staves
 m - an uncursed staff of fire (weapon)
Jewellery
 x - an amulet of resist mutation (around neck)
Scrolls
 e - 2 scrolls of teleportation {unknown}
 h - 2 scrolls of identify
 j - a scroll of enchant armour {unknown}
 k - a scroll of immolation {unknown}
 y - a scroll of amnesia {unknown}
Potions
 f - a potion of cure mutation {unknown}
 g - 3 potions of curing {unknown}
 i - 5 potions of heal wounds
 n - a potion of invisibility {unknown}
 p - a potion of lignification {unknown}
 q - a potion of berserk rage {unknown}
 r - 4 potions of agility {unknown}
 s - a potion of beneficial mutation {unknown}
 v - a potion of might {unknown}
 A - a potion of degeneration {unknown}
Books
 b - a book of Conjurations

   Spells                             Type                      Level
   a - Magic Dart                     Conjuration                  1
   b - Searing Ray                    Conjuration                  2
   c - Dazzling Spray                 Conjuration/Hexes            3
   d - Fulminant Prism                Conjuration/Hexes            4
   e - Iskenderun's Mystic Blast      Conjuration                  4
   f - Iskenderun's Battlesphere      Conjuration/Charms           5
 o - a Fen Folio

   Spells                             Type                      Level
   a - Corpse Rot                     Necromancy                   2
   b - Stone Arrow                    Conjuration/Earth            3
   c - Leda's Liquefaction            Hexes/Earth                  4
   d - Summon Forest                  Summoning/Translocation      5
   e - Hydra Form                     Transmutation                6
   f - Summon Hydra                   Summoning                    7
Comestibles
 c - 3 bread rations
 d - 2 beef jerkies
 t - 2 slices of pizza
 w - a meat ration
 z - a chunk of flesh


   Skills:
 + Level 2.8 Dodging
 - Level 2.4 Stealth
 + Level 4.6 Spellcasting
 * Level 5.5 Conjurations


You had 6 spell levels left.
You knew the following spells:

 Your Spells              Type           Power        Failure   Level  Hunger
a - Magic Dart            Conj           ####         1%          1    None
b - Searing Ray           Conj           ####..       1%          2    #......
c - Dazzling Spray        Conj/Hex       ###.....     14%         3    ##.....


Dungeon Overview and Level Annotations

Branches:
Dungeon (4/15)
 Temple: D:4-7

Altars:
Ashenzari
Kikubaaqudgha


Message History

The phantom is lightly damaged.
The searing ray hits the phantom.
The phantom is moderately damaged.
The phantom closely misses you.
The searing ray hits the phantom.
The phantom is heavily damaged.
The phantom hits you!
The searing ray hits the phantom.
The phantom is severely damaged.
The phantom hits you.
Casting: Searing Ray
Confirm with . or Enter, or press ? or * to list all spells.
Aiming: Searing Ray
Press: ? - help, Shift-Dir - straight line, f/p - phantom
Aim: a phantom (severely damaged)
You miscast Searing Ray.
You are very lightly contaminated with residual magic.
Your skin tingles.
The phantom hits you. The phantom hits you!
You die...

#.#.# #.# #
#.#.# #.# #
#.#.# #.# #
#.#.# ... #
#####.#.# #.#
#.....#'#####
.#..
#.###.......#
.### #W#
#.......# ....
#@# #.......#
.### #.#
#.......# .###
#.#
#.......##....
#.#
#.............
#.#
#........<....
#.#
#.............
#.#
#.............
#.#
#.......######
#.#
###......#...#


You could see a phantom.

Vanquished Creatures
  2 adders
  An ooze (D:3)
  An adder skeleton (D:4)
  4 worms
  3 orcs (D:3)
  A ball python (D:2)
  A bat zombie (D:2)
  12 goblins
  5 hobgoblins
  A jackal (D:4)
  2 kobolds
  2 quokkas
  11 bats
  3 giant cockroaches
  3 giant geckos
  3 giant newts
  6 rats
61 creatures vanquished.

Vanquished Creatures (others)
  4 toadstools (D:1)
4 creatures vanquished.

Grand Total: 65 creatures vanquished

Notes
Turn   | Place    | Note
--------------------------------------------------------------
     0 | D:1      | ketsa the Deep Elf Conjurer began the quest for the Orb.
     0 | D:1      | Reached XP level 1. HP: 10/10 MP: 6/6
   422 | D:1      | Reached XP level 2. HP: 15/15 MP: 5/8
   426 | D:1      | Learned a level 2 spell: Searing Ray
   941 | D:2      | Reached skill level 5 in Conjurations
   952 | D:2      | Reached XP level 3. HP: 19/19 MP: 8/10
   957 | D:2      | Learned a level 3 spell: Dazzling Spray
  1004 | D:2      | Found a faded altar to an unknown god.
  1048 | D:2      | Found a shattered altar of Ashenzari.
  1148 | D:2      | Found an ancient bone altar of Kikubaaqudgha.
  1633 | D:3      | Reached XP level 4. HP: 24/24 MP: 7/12
  2697 | D:4      | Noticed a phantom
  2759 | D:4      | Slain by a phantom

Action                   |  1- 3 |  4- 6 || total
-------------------------+-------+-------++-------
Melee: Dagger            |     1 |       ||     1
 Cast: Magic Dart        |    53 |    29 ||    82
       Searing Ray       |     4 |     8 ||    12
  Use: Scroll            |       |     1 ||     1
  Eat: Chunk             |     2 |     3 ||     5
